 Dungeon Crawl Stone Soup version 0.31-a0-833-gc15d34cb79 (webtiles) character file.

Game seed: 10319836835463684823

32028 Midn8 the Grappler (level 13, -1/106 HPs)
             Began as a Demonspawn Chaos Knight on Sept 25, 2023.
             Was a Plaything of Xom.
             Slain by a 17-headed hydra (9 damage)
             ... on level 2 of the Lair of Beasts.
             The game lasted 00:31:20 (12412 turns).

Midn8 the Grappler (Demonspawn Chaos Knight)       Turns: 12412, Time: 00:31:20

Health: -1/106     AC: 21    Str: 15    XL:     13   Next: 29%
Magic:  13/13      EV: 15    Int: 13    God:    Xom [..*...]
Gold:   885        SH:  0    Dex: 18    Spells: 12/12 levels left

rFire   + .          .
                       - Unarmed
rCold   . . .        (no shield)
rNeg    . . .        Y - +2 chain mail {rF+}
rPois   +            (helmet restricted)
rElec   .            y - +2 cloak {rPois}
rCorr   .            (gloves unavailable)
SInv    .            (no boots)
Will    .....        (no amulet) Stlth
                     P - +5 ring of evasion
HPRegen 0.37/turn    U - +4 ring of protection
MPRegen 0.13/turn

%: no passive effects
@: about to teleport
A: claws 3, molten scales 1, powered by pain 2, horns 2, agile 1, wild magic 1,
MP-powered wands
a: Renounce Religion


You were on level 2 of the Lair of Beasts.
You worshipped Xom.
You were a toy of Xom.
You visited 2 branches of the dungeon, and saw 12 of its levels.
You also visited: Volcano.

You collected 885 gold pieces.

Inventory:

Hand Weapons
 a - a +0 mace of chaos
 C - a +0 antimagic shortbow
 W - a +3 arbalest of flaming
Missiles
 k - 19 poisoned darts
 m - 6 atropa-tipped darts
 z - 7 boomerangs (quivered)
 V - 5 darts of dispersal
Armour
 b - a +2 leather armour
 r - a +0 chain mail
 y - a +2 cloak of poison resistance (worn)
 N - a +0 troll leather armour
 T - +0 acid dragon scales
 Y - a +2 chain mail of fire resistance (worn)
Jewellery
 g - a ring of protection from fire
 u - a ring of protection from cold
 G - a ring of flight
 H - a ring of see invisible
 L - a ring of wizardry
 P - a +5 ring of evasion (left claw)
 U - a +4 ring of protection (right claw)
Wands
 x - a wand of iceblast (4)
 F - a wand of charming (13)
 Q - a wand of flame (1)
 Z - a wand of polymorph (5)
Scrolls
 c - a scroll of butterflies
 e - a scroll of revelation
 h - 2 scrolls of teleportation
 n - 3 scrolls of vulnerability
 p - a scroll of blinking {unknown}
 v - 3 scrolls of fog
 A - a scroll of fear {unknown}
 D - a scroll of immolation
 J - a scroll of enchant weapon
 O - 3 scrolls of noise
 S - a scroll of torment {unknown}
Potions
 d - a potion of invisibility {unknown}
 f - 4 potions of magic
 i - 5 potions of ambrosia
 j - 7 potions of curing
 l - a potion of berserk rage
 o - 2 potions of degeneration
 q - 2 potions of might
 s - 2 potions of enlightenment
 t - a potion of heal wounds
 w - 3 potions of lignification
 B - a potion of haste
 E - 7 potions of mutation
 K - a potion of attraction {unknown}
 M - 5 potions of resistance
 R - a potion of brilliance {unknown}
 X - a potion of cancellation {unknown}


   Skills:
 - Level 11.0 Fighting
 - Level 3.2 Maces & Flails
 - Level 7.5 Throwing
 + Level 5.3 Armour
 - Level 6.0 Dodging
 - Level 14.2 Unarmed Combat
 - Level 4.0 Evocations


You had 12 spell levels left.
You didn't know any spells.
Your spell library contained the following spells:

 Spells                   Type           Power      Damage    Failure   Level
 Apportation              Tloc           0%         N/A       99%         1
 Foxfire                  Conj/Fire      0%         2x1d4     99%         1
 Blink                    Tloc           0%         N/A       100%        2
 Cigotuvi's Dreadful Rot  Necr/Pois/Air  0%         N/A       100%        2
 Jinxbite                 Hex            0%         N/A       100%        2
 Sublimation of Blood     Necr           0%         N/A       100%        2
 Ignite Poison            Fire/Tmut/Pois 0%         N/A       100%        3
 Inner Flame              Hex/Fire       0%         N/A       100%        3
 Stone Arrow              Conj/Erth      0%         3d7       100%        3
 Tukima's Dance           Hex            0%         N/A       100%        3
 Animate Armour           Summ/Erth      0%         N/A       100%        4
 Flame Wave               Conj/Fire      0%         2d4       100%        4
 Manifold Assault         Tloc           0%         N/A       100%        4
 Passage of Golubria      Tloc           0%         N/A       100%        4
 Petrify                  Tmut/Erth      0%         N/A       100%        4
 Sticky Flame             Conj/Fire      0%         2d3       100%        4
 Alistair's Intoxication  Tmut/Pois      0%         N/A       100%        5
 Freezing Cloud           Conj/Ice/Air   0%         6-21      100%        5
 Irradiate                Conj/Tmut      0%         3d11      100%        5
 Silence                  Hex/Air        0%         N/A       100%        5
 Yara's Violent Unravell  Hex/Tmut       0%         3d3       100%        5
 Plasma Beam              Fire/Air       0%         2x1d10    100%        6
 Starburst                Conj/Fire      0%         6d3       100%        6
 Malign Gateway           Summ/Tloc      0%         N/A       100%        7
 Lehudib's Crystal Spear  Conj/Erth      0%         10d2      100%        8
 Summon Horrible Things   Summ           0%         N/A       100%        8


Dungeon Overview and Level Annotations

Branches:
Dungeon (10/15)            Temple (0/1) D:6            Lair (2/5) D:9
  Snake (0/4) Lair:2          Orc (0/2) D:10        Volcano (visited)
  Swamp: Lair:2-3    Shoals: Lair:2-3

Altars:
Makhleb
Qazlal

Shops:
D:1 (

Annotations:
D:4 Pikel
D:8 2 transporters
Lair:2 4 runed translucent doors, Eugor's ghost, journeyman DECj; Shayle's ghost, journeyman OgHs; jejorda2's ghost, journeyman GnBe


Innate Abilities, Weirdness & Mutations

You have claws for hands.
You are partially covered in molten scales. (AC +2)
You sometimes gain power by taking damage.
You have a pair of horns on your head.
You are agile. (Dex +4, Str/Int -1)
Your spells are a little harder to cast, but a little more powerful.
You expend magic power (3 MP) to strengthen your wands.


Message History

The 17-headed hydra closely misses you.
The 17-headed hydra bites you but does no damage. x2
The 17-headed hydra barely misses you.
The 17-headed hydra bites you but does no damage. x2
The 17-headed hydra bites you.
The 17-headed hydra completely misses you.
The 17-headed hydra bites you but does no damage.
Unknown command.
The 17-headed hydra attacks as it pursues you!
The 17-headed hydra bites you but does no damage.
The 17-headed hydra bites you.
The 17-headed hydra bites you but does no damage.
The 17-headed hydra bites you.
The 17-headed hydra barely misses you. x2
The 17-headed hydra bites you but does no damage.
The 17-headed hydra closely misses you. x2
The 17-headed hydra barely misses you. The 17-headed hydra closely misses you.
The 17-headed hydra bites you but does no damage.
The 17-headed hydra completely misses you.
The 17-headed hydra bites you! The 17-headed hydra bites you.
The 17-headed hydra completely misses you.
The 17-headed hydra bites you but does no damage.
Unknown command.
The 17-headed hydra attacks as it pursues you!
The 17-headed hydra closely misses you. x2
The 17-headed hydra bites you but does no damage.
The 17-headed hydra bites you.
The 17-headed hydra bites you but does no damage.
The 17-headed hydra barely misses you.
The 17-headed hydra bites you but does no damage.
The 17-headed hydra barely misses you.
The 17-headed hydra bites you but does no damage.
The 17-headed hydra closely misses you. The 17-headed hydra bites you!
* * * LOW HITPOINT WARNING * * *
The 17-headed hydra barely misses you. The 17-headed hydra bites you.
* * * LOW HITPOINT WARNING * * *
The 17-headed hydra bites you!
* * * LOW HITPOINT WARNING * * *
The 17-headed hydra closely misses you. The 17-headed hydra bites you!
You die...
Xom guffaws!

##.P##...# #~P~~~ #P..##.###
##~~~~~ ..### #...P#.## #..P.PP
.....#P...# ##......# ##..#...
.~~~♣.....# ##.....#####.......
~P~.~##...### ##....#.##.#...#...
.P~~♣ #.....###P.......#....##...
P... #......###..........######.
..# #........D@..........#####.
..#####[...................#.P###
.###..>..♣♣♣...♣.♣..............#
.......#♣♣ ♣♣#♣♣♣♣♣♣♣............
#.#...## ♣♣♣....#..... ####..##
♣♣...#..... # ##..♣♣ ♣.....##.. #
#...♣ ♣♣....#### # #...♣ ≈
♣.....# #


You could see a 17-headed hydra.

Vanquished Creatures
  A red draconian (Volcano)
  A hydra (Lair:2)
  A centaur warrior (Volcano)
  A boulder beetle (Lair:1)
  A two-headed ogre (D:10)
  A manticore (Lair:2)
  4 elephants (Lair:2)
  3 black mambas
  A gargoyle (D:10)
  An unseen horror (D:10)
  4 cane toads
  3 komodo dragons
  2 rime drakes (Lair:2)
  A yaktaur (Volcano)
  2 kobold demonologists (D:10)
  Psyche (D:10)
  2 polar bears (Lair:2)
  2 trolls (D:9)
  2 dream sheep (Lair:2)
  10 blink frogs
  Eustachio (D:6)
  20 yaks
  2 wyverns
  A basilisk (Lair:2)
  A steam dragon (Lair:2)
  2 nagas (Lair:2)
  An acid dragon (D:10)
  8 water moccasins
  4 orc warriors
  An ice beast (D:8)
  A black bear (D:5)
  An ogre (D:5)
  5 wolves (Lair:1)
  8 centaurs
  A phantom (D:4)
  2 kobold brigands
  5 bullfrogs
  5 scorpions
  8 wights
  22 killer bees
  3 electric eels (Lair:2)
  5 hounds
  A jelly (D:5)
  2 sleepcaps
  Crazy Yiuf (D:6)
  A gnoll bouda (D:6)
  3 iguanas
  5 orc wizards
  8 gnolls
  10 adders
  2 shadow imps
  2 white imps
  2 worms
  5 dart slugs
  28 orcs
  6 endoplasms
  2 giant cockroaches
  4 goblins
  7 hobgoblins
  2 jackals (D:1)
  A quokka (D:1)
  6 ball pythons
  8 bats
  5 frilled lizards
  17 kobolds
  6 rats
285 creatures vanquished.

Vanquished Creatures (collateral kills)
  A two-headed ogre (D:9)
  A komodo dragon (D:9)
  A warg (D:10)
  An acid dragon (D:9)
  An orc warrior (D:10)
  A wight (D:10)
  An orc priest (D:9)
7 creatures vanquished.

Vanquished Creatures (others)
  An ugly thing (D:10)
1 creature vanquished.

Grand Total: 293 creatures vanquished

Notes
Turn   | Place    | Note
-------+----------+-------------------------------------------
     0 | D:1      | Midn8 the Demonspawn Chaos Knight began the quest for the
                  | Orb.
     0 | D:1      | Reached XP level 1. HP: 18/18 MP: 1/1
   214 | D:1      | XOM: silly message
   333 | D:1      | Gained mutation: You have sharp fingernails. [demonic
                  | ancestry]
   333 | D:1      | Reached XP level 2. HP: 24/24 MP: 2/2
   484 | D:1      | XOM: silly message
   507 | D:1      | Reached skill level 1 in Unarmed Combat
   566 | D:1      | Found Inuilon's Weapon Emporium.
  1007 | D:2      | Reached XP level 3. HP: 25/29 MP: 3/3
  1116 | D:2      | Reached skill level 2 in Unarmed Combat
  1135 | D:2      | XOM: 7-stop teleportation journey
  1985 | D:3      | XOM: scenery: summon butterflies
  1992 | D:3      | Gained mutation: You sometimes gain a little power by
                  | taking damage. [demonic ancestry]
  1992 | D:3      | Reached XP level 4. HP: 35/35 MP: 4/4
  2029 | D:3      | XOM: give mutations
  2029 | D:3      | Gained mutation: You have a pair of small horns on your
                  | head. [Xom's grace]
  2029 | D:3      | Gained mutation: Your flesh is heat resistant. (rF+) [Xom's
                  | grace]
  2052 | D:3      | XOM: confuse monster(s)
  2056 | D:3      | Reached skill level 3 in Unarmed Combat
  2133 | D:3      | Found a burning altar of Makhleb.
  2448 | D:4      | Noticed Pikel
  2448 | D:4      | Noticed a lemure
  2448 | D:4      | Noticed a lemure
  2449 | D:4      | Noticed a lemure
  2449 | D:4      | Noticed a lemure
  2482 | D:4      | XOM: silly message
  2604 | D:4      | Reached skill level 4 in Unarmed Combat
  2604 | D:4      | Gained mutation: You are partially covered in molten
                  | scales. (AC +2) [demonic ancestry]
  2604 | D:4      | Reached XP level 5. HP: 37/41 MP: 5/5
  2640 | D:4      | XOM: silly message
  2709 | D:4      | Noticed a centaur
  2717 | D:4      | Killed a centaur
  2758 | D:4      | XOM: divination: detect creatures
  2842 | D:4      | Noticed a phantom
  2843 | D:4      | XOM: potion effect (invisibility)
  2853 | D:4      | Killed a phantom
  2854 | D:4      | Reached skill level 5 in Unarmed Combat
  2854 | D:4      | Gained mutation: You have very sharp fingernails. [demonic
                  | ancestry]
  2854 | D:4      | Reached XP level 6. HP: 47/47 MP: 6/6
  2946 | D:5      | Entered Level 5 of the Dungeon
  2968 | D:5      | XOM: potion effect (might)
  2979 | D:5      | Reached skill level 6 in Unarmed Combat
  3084 | D:5      | Reached XP level 7. HP: 41/53 MP: 7/7
  3381 | D:5      | XOM: noise
  3595 | D:5      | Reached skill level 7 in Unarmed Combat
  3822 | D:6      | Noticed Eustachio
  3822 | D:6      | XOM: 1-stop teleportation journey
  3852 | D:6      | XOM: enchant monster (good)
  3857 | D:6      | XOM: swap monsters
  3872 | D:6      | Killed Eustachio
  3873 | D:6      | Reached skill level 8 in Unarmed Combat
  3873 | D:6      | Reached XP level 8. HP: 49/60 MP: 8/8
  3976 | D:6      | XOM: confusion (+ monsters)
  3983 | D:6      | XOM: summons friendly crimson imp
  4121 | D:6      | Reached skill level 5 in Fighting
  4153 | D:6      | Found a staircase to the Ecumenical Temple.
  4153 | D:6      | XOM: 8-stop teleportation journey
  4246 | D:6      | XOM: 2-stop teleportation journey
  4349 | D:6      | XOM: divination: detect items
  4425 | D:6      | XOM: 8-stop teleportation journey
  4675 | D:6      | XOM: give mutations
  4675 | D:6      | Gained mutation: You expend magic power (3 MP) to
                  | strengthen your wands. [Xom's grace]
  4675 | D:6      | Gained mutation: You have a pair of horns on your head.
                  | [Xom's grace]
  4675 | D:6      | Gained mutation: You have a pair of large horns on your
                  | head. [Xom's grace]
  4675 | D:6      | Gained mutation: You are agile. (Dex +4, Str/Int -1) [Xom's
                  | grace]
  4944 | D:6      | Found a runed translucent door.
  4945 | D:6      | Noticed Crazy Yiuf
  4950 | D:6      | Killed Crazy Yiuf
  5009 | D:7      | XOM: cloud trail
  5200 | D:7      | Reached skill level 9 in Unarmed Combat
  5201 | D:7      | XOM: summons 4 friendly demons
  5605 | D:7      | Found a stormy altar of Qazlal.
  5955 | D:8      | Reached XP level 9. HP: 68/68 MP: 9/9
  5965 | D:8      | XOM: destruction
  5969 | D:8      | Reached skill level 10 in Unarmed Combat
  5990 | D:8      | XOM: give mutation
  5990 | D:8      | Gained mutation: Your mind is acute. (Int +4, Str/Dex -1)
                  | [Xom's grace]
  6060 | D:8      | XOM: blink monster(s)
  6065 | D:8      | XOM: confuse monster(s)
  6320 | D:8      | Found a transporter.
  6363 | D:8      | Found a transporter.
  6387 | D:8      | Reached skill level 1 in Dodging
  6388 | D:8      | XOM: smoke on damage
  6575 | D:9      | Noticed a troll
  6600 | D:8      | XOM: give mutations
  6600 | D:8      | Lost mutation: Your mind is acute. (Int +4, Str/Dex -1)
                  | [Xom's mischief]
  6600 | D:8      | Gained mutation: Your spells are a little harder to cast,
                  | but a little more powerful. [Xom's mischief]
  6600 | D:8      | Lost mutation: You have a pair of large horns on your head.
                  | [Xom's mischief]
  6868 | D:8      | Reached skill level 1 in Throwing
  7024 | D:9      | Killed a troll
  7190 | D:9      | XOM: silly message
  7361 | D:9      | Noticed a two-headed ogre
  7366 | D:9      | XOM: cast spell 'Discord'
  7384 | D:9      | XOM: summons 3 friendly demons
  7388 | D:9      | Killed a two-headed ogre
  7389 | D:9      | Gained mutation: You sometimes gain power by taking damage.
                  | [demonic ancestry]
  7389 | D:9      | Reached XP level 10. HP: 79/79 MP: 10/10
  7470 | D:9      | XOM: summons friendly white imp
  7642 | D:9      | XOM: cast spell 'Summon Hydra'
  7678 | D:9      | Reached skill level 11 in Unarmed Combat
  7732 | D:9      | Found a staircase to the Lair.
  8021 | D:10     | Entered Level 10 of the Dungeon
  8023 | D:10     | Noticed a smoke demon
  8025 | D:10     | XOM: enchant monster (good)
  8290 | D:10     | Noticed a green ugly thing
  8330 | D:10     | Found a staircase to the Orcish Mines.
  8383 | D:10     | XOM: silly message
  8388 | D:10     | Reached skill level 12 in Unarmed Combat
  8403 | D:10     | XOM: cast spell 'Olgreb's Toxic Radiance'
  8432 | D:10     | Noticed a sun demon
  8456 | D:10     | Noticed a gargoyle
  8469 | D:10     | Killed a gargoyle
  8480 | D:10     | Gained mutation: You have claws for hands. [demonic
                  | ancestry]
  8480 | D:10     | Reached XP level 11. HP: 74/86 MP: 11/11
  8480 | D:10     | XOM: noise
  8573 | D:10     | XOM: silly message
  8631 | D:10     | Noticed Psyche
  8635 | D:10     | Killed Psyche
  8777 | D:10     | XOM: summons friendly shadow imp
  8806 | D:10     | Noticed a two-headed ogre
  8814 | D:10     | XOM: confuse monster(s)
  8832 | D:10     | Killed a two-headed ogre
  8833 | D:10     | Reached skill level 5 in Dodging
  8899 | D:10     | XOM: noise
  9178 | Lair:1   | Entered Level 1 of the Lair of Beasts
  9192 | Lair:1   | XOM: potion effect (experience)
  9192 | Lair:1   | Reached skill level 14 in Unarmed Combat
  9192 | Lair:1   | Reached XP level 12. HP: 95/95 MP: 12/12
  9540 | Lair:1   | XOM: give mutation
  9540 | Lair:1   | Lost mutation: Your flesh is heat resistant. (rF+) [Xom's
                  | mischief]
  9562 | Lair:1   | Reached skill level 10 in Fighting
  9598 | Lair:1   | Noticed a boulder beetle
  9615 | Lair:1   | Killed a boulder beetle
  9694 | Lair:1   | XOM: 2-stop teleportation journey
  9848 | Lair:1   | XOM: silly message
  9882 | Lair:1   | XOM: summons 3 hostile shadow creatures
 10094 | Lair:2   | Found a runed translucent gate.
 10094 | Lair:2   | Found a runed translucent gate.
 10094 | Lair:2   | Found a runed translucent gate.
 10095 | Lair:2   | Noticed Eugor's ghost (journeyman DECj)
 10095 | Lair:2   | Noticed jejorda2's ghost (journeyman GnBe)
 10095 | Lair:2   | Noticed Shayle's ghost (journeyman OgHs)
 10129 | Lair:2   | XOM: divination: detect items
 10256 | Lair:2   | XOM: enchant monster (good)
 10259 | Lair:2   | Reached skill level 5 in Throwing
 10399 | Lair:2   | Found a dark tunnel.
 10409 | Volcano  | Entered a volcano
 10476 | Volcano  | Noticed a red draconian
 10478 | Volcano  | XOM: butterfly on damage
 10482 | Volcano  | XOM: potion effect (attraction)
 10483 | Volcano  | XOM: confuse monster(s)
 10489 | Volcano  | Killed a red draconian
 10752 | Volcano  | Noticed a centaur warrior
 10757 | Volcano  | Killed a centaur warrior
 10758 | Volcano  | Reached XP level 13. HP: 95/106 MP: 13/13
 10774 | Volcano  | XOM: noise
 10889 | Lair:2   | XOM: polymorph elephant -> dream sheep
 10899 | Lair:2   | XOM: polymorph elephant -> manticore
 10900 | Lair:2   | XOM: cast spell 'Alistair's Intoxication'
 11049 | Lair:2   | XOM is BORED!
 11485 | Lair:2   | Found a staircase to the Snake Pit.
 11642 | Lair:1   | XOM: divination: detect items
 11669 | Lair:1   | XOM: scenery: summon butterflies
 11759 | Lair:2   | XOM: noise
 11851 | Lair:2   | XOM: cloud trail
 11979 | Lair:2   | XOM: confuse monster(s)
 12008 | Lair:2   | XOM: divination: detect items
 12029 | Lair:1   | XOM: enchant monster (good)
 12094 | Lair:2   | XOM: noise
 12122 | Lair:2   | Reached skill level 5 in Armour
 12123 | Lair:2   | XOM: silly message
 12200 | Lair:2   | XOM: silly message
 12244 | Lair:2   | Found a runed translucent door.
 12393 | Lair:2   | XOM: enchant monster (good)
 12396 | Lair:2   | XOM: confuse monster(s)
 12412 | Lair:2   | Slain by a 17-headed hydra

Illustrated notes

Levels and vault maps discovered:
D:1:      evilmike_arrival_hilbert_curve, layout_loops_ring, serial_rivers,
          chequers_serial_rivers_large_b, chequers_serial_rivers_large_a,
          chequers_serial_rivers_small_b, chequers_serial_rivers_small_a,
          chequers_serial_rivers_micro_d, chequers_serial_rivers_marsh,
          serial_shops, nicolae_square_shop
D:2:      layout_basic, basic_altar
D:3:      layout_basic, mainiacjoe_overflow_small_starburst
D:4:      layout_cave_pools, grunt_ministairs_8, kennysheep_big_empty_room,
          uniq_pikel
D:5:      layout_cave_pools, minmay_puff
D:6:      layout_layer_cave, minmay_temple_entry_stoned_glass,
          nicolae_houndstooth_variations, uniq_crazy_yiuf_cottage,
          uniq_eustachio
D:7:      layout_loops_ring, mainiacjoe_overflow_catwalk, chequers_mini_garden
D:8:      gammafunk_cloud_chamber, layout_basic
D:9:      layout_long_grid, erik_lair_dragon, nrook_uturn, grunt_ministairs_1,
          minmay_misc_feat_pillars
D:10:     layout_gridville, david_orc_3, minmay_door_square, uniq_psyche
Lair:1:   layout_big_grid, lemuel_fruit_tree, serial_bayou_shore_b
Lair:2:   gammafunk_lair_enchanted_lake, layout_layer_cave,
          palyth_hydra_swamp_entry, guppyfry_snake_entry_garden,
          gammafunk_ghost_cemetery, serial_bayou, serial_bayou_shore_b,
          serial_bayou_pond_e, serial_bayou_ford_a, serial_bayou_crossing,
          serial_bayou_lake_a, serial_bayou_pond_c,
          nicolae_volcano_entry_lava_flow, minivault_19

Skill      XL: |  1  2  3  4  5  6  7  8  9 10 11 12 13 |
---------------+----------------------------------------+-----
Maces & Flails | 3 |  3.2
Unarmed Combat | 1 2 4 5 6 8 9 10 12 14 | 14.2
Fighting       | 4 5 7 8 9 11 | 11.0
Dodging        | 4 5 6 |  6.0
Throwing       | 4 7 |  7.5
Evocations     | 3 4 |  4.0
Armour         | 5 |  5.3

Action                     |  1- 3 |  4- 6 |  7- 9 | 10-12 | 13-15 || total
---------------------------+-------+-------+-------+-------+-------++-------
  Melee: Mace              |   135 |    66 |       |       |       ||   201
         Punch             |     1 |     3 |    19 |    32 |    18 ||    73
         Headbutt          |       |    13 |    54 |    75 |    34 ||   176
         Unarmed           |       |    26 |   288 |   325 |   136 ||   775
  Throw: Dart              |       |       |    12 |     7 |       ||    19
         Boomerang         |       |       |       |       |    16 ||    16
  Evoke: Wand              |       |       |     2 |     1 |     2 ||     5
    Use: Scroll            |       |       |    13 |     2 |     4 ||    19
         Potion            |       |       |       |     1 |     1 ||     2
   Stab: Petrified         |     1 |       |       |       |    12 ||    13
         Invisible         |       |     1 |       |       |       ||     1
         Confused          |       |       |       |     3 |       ||     3
         Paralysed         |       |       |       |     2 |       ||     2
 Armour: Leather armour    |    87 |    51 |   191 |       |       ||   329
         Troll leather arm |       |       |       |    55 |       ||    55
         Acid dragon scale |       |       |       |    62 |       ||    62
         Chain mail        |       |       |       |    24 |   167 ||   191
  Dodge: Dodged            |    99 |    70 |   182 |   271 |   115 ||   737

Table legend: (Time is in decaauts)
 A = Elapsed time spent in this place.
 B = Non-inter-level travel time spent in this place.
 C = Inter-level travel time spent in this place.
 D = Time resting spent in this place.
 E = Time spent auto-exploring this place.
 F = Levels seen in this place.
 G = Mean time per level.
                   A        B        C        D        E       F      G
               +--------+--------+--------+--------+--------+-----+--------+
         Total |  12384 |  11869 |    515 |   2168 |   7052 |  13 |  952.6 |
       Dungeon |   9192 |   8711 |    481 |   1064 |   5804 |  10 |  919.2 |
          Lair |   2731 |   2698 |     33 |    902 |   1127 |   2 | 1365.5 |
       Volcano |    460 |    460 |      0 |    201 |    120 |   1 |  460.0 |
               +--------+--------+--------+--------+--------+-----+--------+

Top non-repeatable levels by time:
  Lair:2: 1661 daAuts
     D:6: 1233 daAuts
     D:9: 1231 daAuts
     D:8: 1104 daAuts
  Lair:1: 1070 daAuts
     D:1: 1050 daAuts
    D:10: 990 daAuts
     D:7: 825 daAuts
     D:3: 785 daAuts
     D:2: 783 daAuts
     D:5: 767 daAuts
 Volcano: 460 daAuts
     D:4: 419 daAuts
